 Dungeon Crawl Stone Soup version 0.28.0-43-g3370ac3207 (webtiles) character file.

Game seed: 4610265085558285804

17691 issech the Basher (level 12, -1/106 HPs)
             Began as a Troll Monk on Mar 24, 2022.
             Was an Elder of Hepliaklqana.
             Killed by divine providence
             ... invoked by a meliai
              (14 damage)
             ... on level 12 of the Dungeon.
             The game lasted 00:45:01 (10377 turns).

issech the Basher (Troll Monk)                     Turns: 10377, Time: 00:45:02

Health: -1/106     AC: 10    Str: 26    XL:     12   Next: 21%
Magic:  11/11      EV: 13    Int:  8    God:    Hepliaklqana [****..]
Gold:   908        SH:  9    Dex: 18    Spells: 11/11 levels left

rFire   + . .      SeeInvis .   j - +2 whip (drain)
rCold   . . .      Faith    .   U - +0 kite shield {rF+}
rNeg    . . .      Spirit   .   y - +2 robe of Least Resistance {Harm Str+4 Int+2 Dex+2}
rPois   .          Reflect  .   (helmet restricted)
rElec   .          Harm     +   (no cloak)
rCorr   .          Rampage  .   (gloves unavailable)
Will    .....                   (boots unavailable)
Stlth   +++.......              (no amulet)
HPRegen 1.07/turn               A - +4 ring of protection
MPRegen 0.12/turn               (no ring)

@: no status effects
A: reduced essence, large, unfitting armour, claws 3, regeneration 1, shaggy fur
1, tough skin 1
a: Renounce Religion, Recall Ancestor, Ancestor Identity, Transference, Idealise


You were on level 12 of the Dungeon.
You worshipped Hepliaklqana.
Hepliaklqana was greatly pleased with you.
You visited 2 branches of the dungeon, and saw 13 of its levels.
You also visited: Bailey.

You collected 908 gold pieces.

Inventory:

Hand Weapons
 j - a +2 whip of draining (weapon)
 s - a +0 great mace
 t - a +2 dagger of protection
 I - a +0 giant spiked club
 K - a +0 flail
 N - a +2 vorpal spear
 Q - a +0 dagger of chaos
 R - a +3 whip
 T - a +0 short sword of speed
 Z - a +3 dagger of draining
Missiles
 c - 17 bolts
 k - 265 stones
 p - 3 curare-tipped darts
 q - 133 arrows
 r - 5 boomerangs
 w - 112 sling bullets
 z - 11 poisoned darts
 B - 5 javelins
 F - 5 silver javelins
 S - 7 large rocks (quivered)
Armour
 b - a +0 robe
 y - the +2 robe of Least Resistance (worn) {Harm Str+4 Int+2 Dex+2}
   (You found it on level 4 of the Dungeon)

   Str:       It affects your strength (+4).
   Int:       It affects your intelligence (+2).
   Dex:       It affects your dexterity (+2).
   Harm:      It increases damage dealt and taken.
 J - the +2 robe of Gallantry {Harm Archmagi}
   (You found it on level 7 of the Dungeon)

   Harm:      It increases damage dealt and taken.
   Archmagi:  It increases the power of your magical spells.
 U - a +0 kite shield of fire resistance (worn)
Jewellery
 A - a +4 ring of protection (left claw)
 X - an amulet of faith
Wands
 a - a wand of mindburst (7)
 x - a wand of acid (7)
 G - a wand of flame (31)
 P - a wand of iceblast (3)
 V - a wand of polymorph (6)
 W - a wand of digging (3)
 Y - a wand of charming (2)
Scrolls
 f - a scroll of holy word
 h - 3 scrolls of enchant weapon
 i - 4 scrolls of enchant armour
 m - 6 scrolls of teleportation
 o - 2 scrolls of fog
 C - 3 scrolls of silence
 D - a scroll of magic mapping {unknown}
 E - a scroll of immolation
 H - a scroll of vulnerability
 M - 3 scrolls of identify
Potions
 d - 2 potions of attraction {unknown}
 e - 3 potions of mutation {unknown}
 g - 2 potions of cancellation {unknown}
 l - a potion of invisibility {unknown}
 n - 5 potions of curing {unknown}
 u - 4 potions of flight {unknown}
 L - a potion of might {unknown}
 O - 2 potions of degeneration {unknown}
Miscellaneous
 v - a phantom mirror


   Skills:
 + Level 7.5 Fighting
 + Level 11.5 Maces & Flails
 + Level 0.8 Throwing
 + Level 9.1 Dodging
 + Level 5.2 Stealth
 + Level 3.6 Shields


You had 11 spell levels left.
You didn't know any spells.
Your spell library contained the following spells:

 Spells                   Type           Power      Damage    Failure   Level
 Animate Skeleton         Necr           0%         N/A       71%         1
 Apportation              Tloc           0%         N/A       71%         1
 Beastly Appendage        Tmut           0%         N/A       71%         1
 Summon Small Mammal      Summ           0%         N/A       71%         1
 Wereblood                Tmut           0%         N/A       83%         2
 Spider Form              Tmut/Pois      0%         N/A       97%         3


Dungeon Overview and Level Annotations

Branches:
Dungeon (12/15)            Temple (0/1) D:7            Lair (0/6) D:11
    Orc (1/2) D:10         Bailey (visited)

Altars:
Cheibriados
Hepliaklqana
Kikubaaqudgha
Okawaru
Uskayaw
Wu Jian
Yredelemnul

Shops:
D:7 *

Portals:
Trove: D:11 (give +2 storm dragon scales)

Annotations:
D:12 2 runed translucent doors, Sonja
Orc:1 Erolcha


Innate Abilities, Weirdness & Mutations

Your life essence is reduced to manifest your ancestor. (-10% HP)
You are too large for most types of armour.
You have claws for hands.
Your natural rate of healing is unusually fast.
You are covered in fur. (AC +1)
You have tough skin. (AC +1)


Message History

The stone arrow hits the deep elf pyromancer!
The deep elf pyromancer casts a spell at Zola.
The sticky flame hits Zola.
Zola resists.
Zola casts a spell at the deep elf pyromancer.
The puff of frost hits the deep elf pyromancer!
The deep elf pyromancer dies!
Zola has departed this plane of existence.
You hit the meliai.
The meliai is lightly wounded.
You block the meliai's attack. x2
You hit the meliai.
The meliai is heavily wounded.
The meliai hits you with a +0 hand axe!
* * * LOW HITPOINT WARNING * * *
The meliai stings you but does no damage.
You hit the meliai but do no damage.
The meliai is heavily wounded.
The meliai barely misses you. The meliai misses you.
The meliai hits you with a +0 hand axe.
* * * LOW HITPOINT WARNING * * *
You block the meliai's attack.
You hit the meliai.
The meliai is heavily wounded.
The meliai closely misses you.
The meliai stings you but does no damage.
You barely miss the meliai.
The meliai is heavily wounded.
The meliai hits you but does no damage. The meliai closely misses you.
You miss the meliai.
The meliai is heavily wounded.
You block the meliai's attack. x2
The meliai mumbles some strange prayers to its god against you.
Something smites you!
* * * LOW HITPOINT WARNING * * *
You hit the meliai. You drain the meliai.
The meliai is almost dead.
The meliai invokes the aid of its god against you.
Something smites you!
You die...

...###..#.###....###.....≈###≈##≈
##...##.y##...#....#.....## ## ≈
####..###R..u......#...[.#
..###...###.##..##.#.#...#
#.#...#...###..y##.#.#...#
#.#.....#...###...##.....#
.....<..).....###..#..####
########.#......###...#
.........######.@y....#
#.######## #####...# ..# #####
###


You could see a meliai (drained).

Vanquished Creatures
  Josephine (D:11)
  A two-headed ogre (D:10)
  A skeletal warrior (D:12)
  Nergalle (D:11)
  An orc knight (Bailey)
  2 cyclopes
  A manticore (D:12)
  Joseph (D:7)
  A tengu conjurer (D:12)
  A guardian mummy (D:11)
  A troll (D:12)
  2 slime creatures (D:12)
  3 wyverns (D:11)
  A water elemental (D:12)
  6 yaks
  A wraith (D:11)
  Grum (D:8)
  5 water moccasins
  2 sky beasts
  6 orc warriors
  A black bear (D:5)
  An ogre (D:4)
  2 centaurs
  3 wolves (D:8)
  A bullfrog (D:7)
  A water moccasin zombie (D:5)
  A scorpion (D:4)
  A wyvern skeleton (D:7)
  A water moccasin skeleton (D:5)
  5 killer bees
  2 howler monkeys (D:10)
  2 electric eels (D:12)
  5 centaur zombies
  4 hounds
  5 orc priests
  A bullfrog skeleton (D:7)
  A centaur skeleton (D:7)
  2 jellies (D:6)
  3 iguanas
  5 orc wizards
  2 killer bee zombies
  A hound zombie (D:5)
  A howler monkey zombie (D:8)
  Robin (D:2)
  2 gnolls (D:8)
  7 adders
  2 ufetubi
  An adder skeleton (D:4)
  2 worms
  A dart slug (D:4)
  37 orcs
  11 endoplasms
  3 giant cockroaches
  13 goblins
  13 hobgoblins
  7 kobolds
  7 quokkas
  10 ball pythons
  7 bats
  5 frilled lizards
  4 rats
223 creatures vanquished.

Vanquished Creatures (collateral kills)
  A two-headed ogre (D:10)
  2 skeletal warriors (D:11)
  A deep elf pyromancer (D:12)
  An ugly thing (D:12)
  2 centaur zombies (D:11)
  A guardian mummy (D:11)
  4 slime creatures (D:12)
  Prince Ribbit (D:7)
  A shadow (D:11)
  A wyvern (D:10)
  2 wraiths (D:11)
  2 yaks
  A basilisk (D:11)
  3 vampire mosquitoes (D:10)
  Menkaure (D:7)
  A water moccasin (D:11)
  3 orc warriors
  A black bear (D:6)
  A necrophage (D:7)
  A gnoll sergeant (D:8)
  A wyvern zombie (D:7)
  A killer bee (D:8)
  3 howler monkeys
  A hound (D:7)
  An orc priest (D:11)
  4 orc wizards
  A gnoll (D:8)
  2 white imps (D:7)
  15 orcs
  3 goblins (D:9)
63 creatures vanquished.

Vanquished Creatures (others)
  Psyche (D:8)
  7 battlemagi
  3 plants (D:11)
11 creatures vanquished.

Grand Total: 297 creatures vanquished

Notes
Turn   | Place    | Note
-------+----------+-------------------------------------------
     0 | D:1      | issech the Troll Monk began the quest for the Orb.
     0 | D:1      | Reached XP level 1. HP: 22/22 MP: 0/0
   127 | D:1      | Reached skill level 3 in Maces & Flails
   127 | D:1      | Reached XP level 2. HP: 28/29 MP: 1/1
   909 | D:2      | Reached XP level 3. HP: 35/36 MP: 2/2
  1108 | D:2      | Noticed Robin
  1141 | D:2      | Killed Robin
  1160 | D:2      | Reached XP level 4. HP: 21/44 MP: 3/3
  1978 | D:3      | Reached skill level 4 in Maces & Flails
  1978 | D:3      | Reached XP level 5. HP: 18/53 MP: 4/4
  2014 | D:3      | Found an ancient bone altar of Kikubaaqudgha.
  2063 | D:3      | HP: 2/53 [orc priest/divine providence (13)]
  2397 | D:3      | Reached XP level 6. HP: 57/61 MP: 5/5
  2809 | D:4      | Identified the +2 robe of Least Resistance {Harm Str+4
                  | Int+2 Dex+2}
  3127 | D:4      | Reached skill level 5 in Maces & Flails
  3211 | D:4      | Found a snail-covered altar of Cheibriados.
  3297 | D:5      | Entered Level 5 of the Dungeon
  3321 | D:5      | Reached XP level 7. HP: 49/67 MP: 6/6
  3678 | D:5      | Reached skill level 6 in Maces & Flails
  3886 | D:6      | Reached XP level 8. HP: 63/78 MP: 7/7
  4202 | D:6      | Reached skill level 5 in Dodging
  4435 | D:6      | Found a hazy altar of Hepliaklqana.
  4444 | D:6      | Became a worshipper of Hepliaklqana the Forgotten
  4444 | D:6      | Reached * piety under Hepliaklqana
  4444 | D:6      | Reached ** piety under Hepliaklqana
  4445 | D:6      | Remembered your ancestor Zola as a battlemage
  4505 | D:6      | Found an ornate altar of the Wu Jian Council.
  4525 | D:6      | Noticed a +0 dagger
  4525 | D:6      | Noticed a +0 falchion
  4525 | D:6      | Noticed a +0 spear
  4526 | D:6      | Noticed a +0 dagger
  4526 | D:6      | Noticed a +0 falchion
  4527 | D:6      | Noticed a +0 spear
  4527 | D:6      | Noticed a +0 short sword
  4529 | D:6      | Noticed a +0 short sword
  4540 | D:6      | Found a hide-covered altar of Uskayaw.
  4571 | D:6      | Reached skill level 7 in Maces & Flails
  4720 | D:7      | Noticed Joseph
  4720 | D:7      | Found Feuk's Mayhem Merchandise.
  4832 | D:7      | Killed Joseph
  4833 | D:7      | Reached XP level 9. HP: 59/78 MP: 8/8
  4914 | D:7      | Found a staircase to the Ecumenical Temple.
  4926 | D:7      | Identified the +2 robe of Gallantry {Harm Archmagi}
  4981 | D:7      | Reached skill level 5 in Fighting
  4981 | D:7      | Reached skill level 8 in Maces & Flails
  5020 | D:7      | Noticed Prince Ribbit
  5022 | D:7      | Found an iron altar of Okawaru.
  5037 | D:7      | Killed Prince Ribbit
  5188 | D:7      | Noticed Menkaure
  5197 | D:7      | Killed Menkaure
  5660 | D:8      | Noticed Grum
  5667 | D:8      | Killed Grum
  5683 | D:8      | Reached skill level 9 in Maces & Flails
  5874 | D:8      | Noticed Psyche
  5882 | D:8      | Paralysed by something for 4 turns
  5893 | D:8      | Killed Psyche
  6039 | D:8      | Reached XP level 10. HP: 62/88 MP: 9/9
  6242 | D:9      | Reached *** piety under Hepliaklqana
  6348 | D:9      | Noticed a cyclops
  6361 | D:9      | Killed a cyclops
  6513 | D:9      | Found a flagged portal.
  6532 | Bailey   | Entered a bailey
  6870 | Bailey   | Noticed an orc knight
  6929 | Bailey   | Killed an orc knight
  7039 | D:9      | Found a basalt altar of Yredelemnul.
  7356 | D:10     | Entered Level 10 of the Dungeon
  7416 | D:10     | Found a staircase to the Orcish Mines.
  7417 | D:10     | Noticed a two-headed ogre
  7425 | D:10     | Killed a two-headed ogre
  7426 | D:10     | Reached skill level 10 in Maces & Flails
  7628 | D:10     | Noticed a two-headed ogre
  7636 | D:10     | Killed a two-headed ogre
  7909 | D:10     | Reached skill level 1 in Shields
  7966 | D:10     | Reached XP level 11. HP: 83/96 MP: 10/10
  8270 | Orc:1    | Entered Level 1 of the Orcish Mines
  8270 | Orc:1    | Noticed Erolcha
  8270 | Orc:1    | Noticed an orc knight
  8270 | Orc:1    | Noticed an ettin
  8318 | D:11     | Reached **** piety under Hepliaklqana
  8431 | D:11     | Noticed Josephine
  8443 | D:11     | Killed Josephine
  8480 | D:11     | Noticed Nergalle
  8496 | D:11     | Killed Nergalle
  8673 | D:11     | Found a staircase to the Lair.
  8912 | D:11     | Found a portal to a secret trove of treasure.
  9033 | D:11     | Reached skill level 11 in Maces & Flails
  9430 | D:12     | Found a runed translucent door.
  9430 | D:12     | Found a runed translucent door.
  9430 | D:12     | Noticed a centaur warrior
  9472 | D:12     | Noticed Sonja
  9906 | D:12     | Noticed a skeletal warrior
  9914 | D:12     | Noticed a skeletal warrior
  9917 | D:12     | Noticed a skeletal warrior
  9917 | D:12     | Noticed a skeletal warrior
 10037 | D:11     | Killed a skeletal warrior
 10117 | D:11     | Killed a skeletal warrior
 10118 | D:11     | Reached skill level 5 in Stealth
 10118 | D:11     | Reached XP level 12. HP: 16/106 MP: 11/11
 10325 | D:12     | Identified the +6 scimitar "Giemmut" {freeze, Drain rF++
                  | Dex+6}
 10377 | D:12     | Killed from afar by a meliai

Illustrated notes

Levels and vault maps discovered:
D:1:      roderic_chinese_lattice_arrival, layout_basic, kennysheep_crisscross
D:2:      layout_basic, uniq_robin
D:3:      layout_rooms, mainiacjoe_overflow_small_starburst
D:4:      layout_rooms, cheibriados_altar_1, serial_glass, glass_columns_c,
          glass_columns_b
D:5:      layout_rooms
D:6:      layout_loops_ring, marbit_many_paths,
          mainiacjoe_overflow_surrounded_room, nicolae_uskayaw_en_pointe
D:7:      layout_rooms, okawaru_metal_pillars_1_2,
          minmay_temple_entry_large_hall, minmay_shop_mayhem, uniq_menkaure,
          uniq_prince_ribbit1, uniq_joseph
D:8:      layout_loops_cross, uniq_psyche, uniq_grum
D:9:      layout_roguey, mainiacjoe_overflow_chevrons, enter_bailey_5
D:10:     layout_stronghold, orc_0_dummy
D:11:     layout_long_grid, minmay_lair_entry_grove,
          nicolae_trove_entry_path_of_doom, uniq_josephine, uniq_nergalle
D:12:     minmay_the_grid_triangle_9x9_recursive_2
          [minmay_the_grid_triangle_9x9_prize_center,
          minmay_the_grid_triangle_9x9_empty,
          minmay_the_grid_triangle_9x9_swiss_cheese,
          minmay_the_grid_triangle_9x9_tough_junction], layout_basic,
          hangedman_corner_corridor, uniq_sonja, uniq_maurice
Orc:1:    layout_caves, uniq_erolcha

Skill      XL: |  1  2  3  4  5  6  7  8  9 10 11 12 |
---------------+-------------------------------------+-----
Maces & Flails | 3 4 5 6 7 9 10 11 | 11.5
Dodging        | 3 4 5 6 7 8 9 |  9.1
Fighting       | 3 4 5 6 7 |  7.5
Stealth        | 2 3 4 5 |  5.2
Shields        | 1 3 |  3.6
Throwing       | |  0.8

Action                   |  1- 3 |  4- 6 |  7- 9 | 10-12 || total
-------------------------+-------+-------+-------+-------++-------
Melee: Mace              |    19 |       |       |       ||    19
       Whip              |    73 |   238 |   270 |   451 ||  1032
       Punch             |     2 |     4 |     7 |     2 ||    15
Throw: Boomerang         |       |       |       |     3 ||     3
Invok: Ancestor Life: Ba |       |       |     1 |       ||     1
  Use: Scroll            |       |     6 |     1 |     2 ||     9
 Stab: Sleeping          |     3 |     1 |     2 |     6 ||    12
       Distracted        |       |       |     2 |    13 ||    15
Armor: Robe              |    34 |    66 |   108 |    69 ||   277
       Skin              |       |       |    11 |       ||    11
Dodge: Dodged            |    46 |   167 |   159 |   168 ||   540
Block: Kite shield       |       |       |       |    90 ||    90
